 Dungeon Crawl Stone Soup version 0.23-a0-636-g0ff6057 (webtiles) character file.

182 zishaf the Magician (level 5, -7/37 HPs)
             Began as a Gnoll Wizard on Dec 28, 2018.
             Splashed by Ijyb's acid (10 damage)
             ... on level 3 of the Dungeon.
             The game lasted 00:04:43 (1807 turns).

zishaf the Magician (Gnoll Wizard)                  Turns: 1807, Time: 00:04:43

Health: -7/37      AC: -2    Str: 10    XL:     5   Next: 61%
Magic:  6/14       EV: 14    Int: 21    God:
Gold:   171        SH:  0    Dex: 13    Spells: 5/18 levels left

rFire    . . .     SeeInvis .   c - +1 spear (venom)
rCold    . . .     Gourm    .   (no shield)
rNeg     . . .     Faith    .   r - +2 robe {MR+}
rPois    .         Spirit   .   b - +0 hat
rElec    .         Reflect  .   (no cloak)
rCorr    .         Harm     .   n - +0 pair of gloves
MR       ++...                  (no boots)
Stlth    +++.......             (no amulet)
HPRegen  0.12/turn              p - ring of protection from magic
MPRegen  0.14/turn              (no ring)

@: corroded
A: distributed training, fangs 1, strong nose
a: no special abilities


You were on level 3 of the Dungeon.
You were not hungry.

You visited 1 branch of the dungeon, and saw 3 of its levels.

You collected 171 gold pieces.

Inventory:

Hand Weapons
 c - a +1 spear of venom (weapon)
Armour
 b - a +0 hat (worn)
 n - a +0 pair of gloves (worn)
 q - a +1 leather armour of cold resistance
 r - a +2 robe of magic resistance (worn)
Jewellery
 p - a ring of protection from magic (left hand)
Wands
 a - a wand of polymorph (6)
Scrolls
 e - 4 scrolls of identify {unknown}
 f - a scroll of immolation {unknown}
 g - 2 scrolls of remove curse {unknown}
 h - a scroll of noise {unknown}
 k - a scroll of enchant armour {unknown}
 l - a scroll of amnesia {unknown}
 o - a scroll of teleportation {unknown}
Potions
 i - 2 potions of heal wounds {unknown}
 j - 3 potions of curing {unknown}
Comestibles
 d - 2 rations
 m - 6 chunks of flesh


   Skills:
 + Level 1.5 Fighting
 + Level 1.5 Short Blades
 + Level 1.5 Long Blades
 + Level 1.5 Axes
 + Level 1.5 Maces & Flails
 + Level 1.5 Polearms
 + Level 1.5 Staves
 + Level 1.5 Slings
 + Level 1.5 Bows
 + Level 1.5 Crossbows
 + Level 1.5 Throwing
 + Level 1.5 Armour
 + Level 4.8 Dodging
 + Level 4.4 Stealth
 + Level 1.5 Shields
 + Level 1.5 Unarmed Combat
 + Level 7.3 Spellcasting
 + Level 2.4 Conjurations
 + Level 1.2 Hexes
 + Level 1.2 Charms
 + Level 2.4 Summonings
 + Level 1.2 Necromancy
 + Level 2.4 Translocations
 + Level 1.2 Transmutations
 + Level 1.2 Fire Magic
 + Level 1.2 Ice Magic
 + Level 1.2 Air Magic
 + Level 1.2 Earth Magic
 + Level 1.2 Poison Magic
 + Level 1.7 Invocations
 + Level 1.5 Evocations


You had 5 spell levels left.
You knew the following spells:

 Your Spells              Type           Power        Failure   Level  Hunger
a - Magic Dart            Conj           ###.         3%          1    None
b - Call Imp              Summ           ###.....     4%          2    None
c - Conjure Flame         Conj/Fire      ###.....     12%         3    None
d - Slow                  Hex            ##......     8%          2    None
e - Blink                 Tloc           N/A          4%          2    None
z - Mephitic Cloud        Conj/Pois/Air  ##......     13%         3    None

Your spell library contained the following spells:

 Spells                   Type           Power        Failure   Level  Hunger


Dungeon Overview and Level Annotations

Branches:
Dungeon (3/15)

Altars:

Annotations:
D:3 2 transporters, Ijyb


Innate Abilities, Weirdness & Mutations

Your experience applies equally to all skills.
You have very sharp teeth.
Your uncanny sense of smell can sniff out nearby items.


Message History

Your white imp hits the goblin.
The goblin dies!
Ijyb zaps a wand.
The bolt of acid hits your crimson imp.
Your crimson imp is splashed with acid.
Your crimson imp dies!
The bolt of acid hits you! The acid corrodes you!
You are splashed with acid!
The acid burns!
Your white imp gestures at Ijyb.
The puff of frost hits Ijyb.
Your white imp gestures at Ijyb.
The puff of frost hits Ijyb.
Attack whom?
Press: ? - help, Dir - move target cursor, f/p - Ijyb
Aim: Ijyb, wielding a +0 dagger, wearing a +0 leather armour and carrying a You reach to attack!
You hit Ijyb but do no damage.
Ijyb is poisoned.
Ijyb is heavily wounded.
Ijyb zaps a wand.
The bolt of acid hits you!
* * * LOW HITPOINT WARNING * * *
The acid corrodes you!
You are splashed with acid!
The acid burns!
You die...

#########
####.......#
#..........#
#..........#
#..........######
#........)......###
#......########@..#
#####'###....ยง5.5.#
#.# #......g).#
######.#
#...........
.......#
#..!<........
.#######
#........(...# .#
#......#######
.####### #......
........


You could see Ijyb and 2 friendly white imps.

Vanquished Creatures
  An orc priest (D:3)
  Jessica (D:3)
  A gnoll (D:1)
  5 adders (D:2)
  3 oozes
  A dart slug (D:1)
  2 leopard geckos
  3 orcs (D:3)
  4 giant cockroaches
  4 goblins
  4 hobgoblins
  3 jackals (D:2)
  2 ball pythons (D:1)
  6 bats
  4 frilled lizards
  8 kobolds
  6 rats
58 creatures vanquished.

Vanquished Creatures (collateral kills)
  A worm (D:2)
  A leopard gecko (D:3)
  2 goblins
4 creatures vanquished.

Grand Total: 62 creatures vanquished

Notes
Turn   | Place    | Note
-------+----------+-------------------------------------------
     0 | D:1      | zishaf the Gnoll Wizard began the quest for the Orb.
     0 | D:1      | Reached XP level 1. HP: 13/13 MP: 8/8
    50 | D:1      | Reached XP level 2. HP: 19/19 MP: 7/10
   292 | D:1      | Reached XP level 3. HP: 24/25 MP: 4/11
   659 | D:1      | Reached skill level 1 in Invocations
   742 | D:2      | Reached skill level 1 in Fighting
   742 | D:2      | Reached skill level 1 in Short Blades
   742 | D:2      | Reached skill level 1 in Long Blades
   742 | D:2      | Reached skill level 1 in Axes
   742 | D:2      | Reached skill level 1 in Maces & Flails
   742 | D:2      | Reached skill level 1 in Polearms
   742 | D:2      | Reached skill level 1 in Staves
   742 | D:2      | Reached skill level 1 in Slings
   742 | D:2      | Reached skill level 1 in Bows
   742 | D:2      | Reached skill level 1 in Crossbows
   742 | D:2      | Reached skill level 1 in Throwing
   742 | D:2      | Reached skill level 1 in Armour
   742 | D:2      | Reached skill level 1 in Shields
   742 | D:2      | Reached skill level 1 in Unarmed Combat
   742 | D:2      | Reached skill level 1 in Evocations
   787 | D:2      | Reached XP level 4. HP: 30/32 MP: 0/13
   989 | D:1      | Learned a level 2 spell: Blink
   992 | D:1      | Learned a level 2 spell: Call Imp
   995 | D:1      | Learned a level 2 spell: Slow
   999 | D:1      | Learned a level 3 spell: Conjure Flame
  1003 | D:1      | Learned a level 3 spell: Mephitic Cloud
  1189 | D:2      | Reached skill level 1 in Hexes
  1189 | D:2      | Reached skill level 1 in Charms
  1189 | D:2      | Reached skill level 1 in Necromancy
  1189 | D:2      | Reached skill level 1 in Transmutations
  1189 | D:2      | Reached skill level 1 in Fire Magic
  1189 | D:2      | Reached skill level 1 in Ice Magic
  1189 | D:2      | Reached skill level 1 in Air Magic
  1189 | D:2      | Reached skill level 1 in Earth Magic
  1189 | D:2      | Reached skill level 1 in Poison Magic
  1566 | D:2      | Reached XP level 5. HP: 37/37 MP: 10/14
  1675 | D:3      | Found a transporter.
  1729 | D:3      | Found a transporter.
  1763 | D:3      | Noticed Jessica
  1772 | D:3      | Killed Jessica
  1800 | D:3      | Noticed Ijyb
  1807 | D:3      | Splashed by Ijyb's acid

Vault maps used:
D:1:      minmay_arrival_stone_box
D:3:      gammafunk_wand_slinger, chequers_ecumenical_altar_lobes, first_ration,
          chequers_serial_rivers_small_3, uniq_ijyb, uniq_jessica

Skill      XL: |  1  2  3  4 |
---------------+-------------+-----
Conjurations   | 2 |  2.4
Summonings     | 2 |  2.4
Translocations | 2 |  2.4
Invocations    | 1 |  1.7
Fighting       | 1 |  1.5
Short Blades   | 1 |  1.5
Long Blades    | 1 |  1.5
Axes           | 1 |  1.5
Maces & Flails | 1 |  1.5
Polearms       | 1 |  1.5
Staves         | 1 |  1.5
Slings         | 1 |  1.5
Bows           | 1 |  1.5
Crossbows      | 1 |  1.5
Throwing       | 1 |  1.5
Armour         | 1 |  1.5
Shields        | 1 |  1.5
Unarmed Combat | 1 |  1.5
Evocations     | 1 |  1.5
Hexes          | 1 |  1.2
Charms         | 1 |  1.2
Necromancy     | 1 |  1.2
Transmutations | 1 |  1.2
Fire Magic     | 1 |  1.2
Ice Magic      | 1 |  1.2
Air Magic      | 1 |  1.2
Earth Magic    | 1 |  1.2
Poison Magic   | 1 |  1.2
Dodging        | |  4.8
Stealth        | |  4.4
Spellcasting   | |  7.3

Action                   |  1- 3 |  4- 6 || total
-------------------------+-------+-------++-------
Melee: Unarmed           |     3 |       ||     3
       Bite              |     1 |       ||     1
       Spear             |       |    59 ||    59
 Cast: Magic Dart        |    71 |    15 ||    86
       Call Imp          |       |     6 ||     6
       Mephitic Cloud    |       |     1 ||     1
 Stab: Sleeping          |       |     5 ||     5
       Distracted        |       |     1 ||     1
       Confused          |       |     1 ||     1
  Eat: Chunk             |       |     3 ||     3
Armor: Robe              |     2 |     3 ||     5
Dodge: Dodged            |     8 |    26 ||    34

Table legend:
 A = Non-vault XP
 B = Vault XP
 C = Vault XP percentage of total XP
 D = Non-vault monster count
 E = Vault monster count
 F = Vault count percentage of total count
                 A         B        C        D         E       F
            +---------+---------+-------+---------+---------+-------
      Total |     223 |      37 |  14.2 |      61 |       1 |   1.6
            +---------+---------+-------+---------+---------+-------
        D:1 |      68 |       0 |   0.0 |      27 |       0 |   0.0
        D:2 |     100 |       0 |   0.0 |      27 |       0 |   0.0
        D:3 |      55 |      37 |  40.2 |       7 |       1 |  12.5
            +---------+---------+-------+---------+---------+-------
